 Dungeon Crawl Stone Soup version 0.26.0-11-g8f856b5395 (webtiles) character file.

Game seed: 6839087100329709977

74 BOMJPIETVODKU the Sneak (level 4, -4/45 HPs)
             Began as an Ogre Brigand on Jan 15, 2021.
             Killed from afar by an electric eel (9 damage)
             ... with a bolt of electricity
             ... on level 3 of the Dungeon.
             The game lasted 00:18:36 (3399 turns).

BOMJPIETVODKU the Sneak (Ogre Brigand)              Turns: 3399, Time: 00:18:37

Health: -4/45      AC:  4    Str: 16    XL:     4   Next: 28%
Magic:  13/13      EV: 10    Int: 12    God:
Gold:   148        SH:  0    Dex: 10    Spells: 3/3 levels left

rFire    . . .     SeeInvis .   t - +2 dagger (venom)
rCold    . . .     Faith    .   (no shield)
rNeg     . . .     Spirit   .   o - +0 robe
rPois    .         Reflect  .   (helmet restricted)
rElec    .         Harm     .   c - +0 cloak
rCorr    .         Rampage  .   (gloves unavailable)
Will     .....                  (boots unavailable)
Stlth    ++........             (no amulet)
HPRegen  0.15/turn              l - ring of magical power
MPRegen  0.13/turn              (no ring)

@: no status effects
A: large, unfitting armour, tough skin 1
a: no special abilities


You were on level 3 of the Dungeon.
You visited 1 branch of the dungeon, and saw 3 of its levels.

You collected 148 gold pieces.

Inventory:

Hand Weapons
 a - a +2 dagger
 t - a +2 dagger of venom (weapon)
Missiles
 d - 31 poisoned darts (quivered)
 e - 2 curare-tipped darts
 g - 59 stones
Armour
 b - a +0 robe
 c - a +0 cloak (worn)
 o - a +0 robe (worn)
Jewellery
 l - a ring of magical power (left hand)
 s - an uncursed amulet of magic regeneration
Wands
 p - a wand of disintegration (10)
 u - a wand of flame (18)
Scrolls
 f - 4 scrolls of identify
 h - a scroll of fog
 i - a scroll of amnesia {unknown}
 j - 3 scrolls of teleportation {unknown}
 m - 2 scrolls of enchant weapon {unknown}
 n - a scroll of blinking {unknown}
 q - a scroll of immolation {unknown}
 r - a scroll of remove curse {unknown}
Potions
 k - 2 potions of curing


   Skills:
 + Level 3.0 Fighting
 + Level 2.8 Short Blades
 + Level 2.6 Throwing
 + Level 1.4 Dodging
 - Level 3.2 Stealth


You had 3 spell levels left.
You didn't know any spells.
Your spell library was empty.

Dungeon Overview and Level Annotations

Branches:
Dungeon (3/15)

Altars:
Dithmenos
Hepliaklqana
Makhleb
The Shining One

Annotations:
D:3 1 transporter


Innate Abilities, Weirdness & Mutations

You are too large for most types of armour.
You have tough skin. (AC +1)


Message History

You can't see that place. [Stash: a wand of flame (18)] [the floor.]
There is a transporter here.
You enter the transporter and appear at another place.
Found a hunting sling.
u - a wand of flame (18)
You open the door.
The electric eel shoots out a bolt of lightning at you!
The bolt of electricity hits you! x2
The electric eel shoots out a bolt of lightning at you!
The bolt of electricity hits you.
The bolt of electricity hits the plant!
The plant begins to die.
The bolt of electricity hits the plant!
You hit the plant.
The plant is lightly damaged.
The electric eel shoots out a bolt of lightning at you!
The bolt of electricity hits you!
* * * LOW HITPOINT WARNING * * *
The bolt of electricity hits you!
You die...

##......#...# .............
#######.....###################
#...........#.................#
#...........#.###############.#
............#.#8P#;;≈≈≈≈≈#P8#.#
#.............#..#..≈≈PP≈#..#..#
#............©#©.'..≈⌠P≈≈+)©#©..#
#.............#.@#..;≈≈≈P#..#...#
#.###.......#.#8P#≈;≈≈≈≈≈#P8#.#..
#...........#.###############.###
#...#.......#.........).
....######...........### ...
#............. ...
............... ..
##(............ ......


You could see 4 electric eels.

Vanquished Creatures
  An adder (D:3)
  A white imp (D:3)
  An ooze (D:1)
  2 worms (D:2)
  A dart slug (D:1)
  2 leopard geckos (D:1)
  An orc (D:3)
  5 bats
  4 giant cockroaches
  5 hobgoblins
  5 jackals
  4 kobolds
  A ball python (D:3)
  4 frilled lizards
  2 goblins (D:1)
  3 rats
42 creatures vanquished.

Notes
Turn   | Place    | Note
-------+----------+-------------------------------------------
     0 | D:1      | BOMJPIETVODKU the Ogre Brigand began the quest for the Orb.
     0 | D:1      | Reached XP level 1. HP: 22/22 MP: 1/1
   167 | D:1      | Reached XP level 2. HP: 20/29 MP: 2/2
   885 | D:1      | Reached skill level 1 in Dodging
  1081 | D:1      | Reached XP level 3. HP: 35/36 MP: 3/3
  2385 | D:2      | Found a burning altar of Makhleb.
  2388 | D:2      | Found a hazy altar of Hepliaklqana.
  2540 | D:2      | Found a shadowy altar of Dithmenos.
  2581 | D:2      | Found a glowing golden altar of the Shining One.
  3216 | D:3      | Reached XP level 4. HP: 45/45 MP: 4/4
  3350 | D:3      | Found a transporter.
  3373 | D:3      | Found a transporter.
  3399 | D:3      | Killed from afar by an electric eel

Illustrated notes

Levels and vault maps discovered:
D:1:      lightli_arrival_boilingwater, layout_basic,
          corexii_item_surrounded_by_moat
D:2:      layout_loops_ring, minitemple, grunt_dithmenos_smoke_and_mirrors
D:3:      gammafunk_steamed_eel, layout_basic, dk_xom_monty_hall, uniq_robin

Skill      XL: |  1  2  3 |
---------------+----------+-----
Stealth        | 3 |  3.2
Short Blades   | 2 |  2.8
Dodging        | 1 |  1.4
Fighting       | 3 |  3.0
Throwing       | |  2.6

Action                   |  1- 3 |  4- 6 || total
-------------------------+-------+-------++-------
Melee: Dagger            |   146 |    24 ||   170
Throw: Dart              |    27 |     3 ||    30
  Use: Scroll            |     2 |       ||     2
 Stab: Sleeping          |     5 |       ||     5
Armor: Robe              |    53 |     6 ||    59
Dodge: Dodged            |    70 |     8 ||    78
